 Dungeon Crawl Stone Soup version 0.32-a0-391-gce5c0aab1b (webtiles) character file.

Game seed: 14120524573216236791

44 n00bmints the Cudgeller (level 3, 0/33 HPs)
             Began as a Mountain Dwarf Berserker on Feb 19, 2024.
             Was a Follower of Trog.
             Slain by a goblin
             ... wielding a +0 club
             ... led by Robin
              (3 damage)
             ... on level 2 of the Dungeon.
             The game lasted 00:03:02 (981 turns).

n00bmints the Cudgeller (Mountain Dwarf Berserker)   Turns: 981, Time: 00:03:02

Health: 0/33       AC:  6    Str: 21    XL:     3   Next: 39%
Magic:  3/3        EV: 11    Int:  7    God:    Trog [*.....]
Gold:   60         SH:  0    Dex:  9    Spells: 2/2 levels left

rFire   . . .        a - +0 mace
rCold   . . .        (no shield)
rNeg    . . .        g - +0 ring mail
rPois   .            c - +0 helmet
rElec   .            (no cloak)
rCorr   .            (no gloves)
SInv    .            (no boots)
Will    .....        (no amulet) Stlth
                     (no ring)
HPRegen 0.25/turn    (no ring)
MPRegen 0.08/turn

%: no passive effects
@: on berserk cooldown, slowed, very slow
A: runic magic, artefact enchanting
a: Renounce Religion, Berserk


You were on level 2 of the Dungeon.
You worshipped Trog.
Trog was aware of your devotion.
You visited 1 branch of the dungeon, and saw 2 of its levels.

You collected 60 gold pieces.

Inventory:

Hand Weapons
 a - a +0 mace (weapon)
Armour
 c - a +0 helmet (worn)
 g - a +0 ring mail (worn)
Scrolls
 d - 2 scrolls of identify {unknown}
 e - a scroll of teleportation {unknown}
 h - 3 scrolls of blinking {unknown}
Potions
 b - a potion of resistance {unknown}
 f - a potion of mutation {unknown}


   Skills:
 + Level 3.9 Fighting
 + Level 4.5 Maces & Flails
 + Level 2.5 Armour
 + Level 1.6 Dodging


You had 2 spell levels left.
You didn't know any spells.
Your spell library was empty.

Dungeon Overview and Level Annotations

Branches:
Dungeon (2/15)

Altars:

Shops:
D:1 (*

Annotations:
D:2 Robin


Innate Abilities, Weirdness & Mutations

Your spellcasting is much less encumbered by armour.
You can use scrolls of enchantment on lesser artefacts.


Message History

Robin hits you but does no damage. The goblin barely misses you.
You hit the hobgoblin.
The hobgoblin is moderately wounded.
You closely miss the hobgoblin.
The hobgoblin is moderately wounded.
You are no longer berserk.
You are exhausted.
You feel yourself slow down. The goblin closely misses you.
The goblin hits you with a +0 club. The goblin hits you but does no damage.
Robin roars a battlecry!
The goblins go into a battle-frenzy!
The goblin barely misses you. The hobgoblin barely misses you.
You hit the goblin.
The goblin is severely wounded.
The goblin barely misses you. The hobgoblin closely misses you.
The goblin hits you but does no damage. x2; The goblin hits you with a +0 club.
Robin throws the goblin at you!
The goblin hits you but does no damage. x2
The goblin closely misses you. The hobgoblin misses you. The goblin misses you.
The goblin hits you with a +0 club. Robin barely misses you.
The goblin barely misses you.
You hit the goblin.
The goblin is severely wounded.
The goblin hits you but does no damage. The hobgoblin barely misses you.
The goblin hits you with a +0 club. The goblin barely misses you.
The goblin hits you with a +0 club. x2
* * * LOW HITPOINT WARNING * * *
The hobgoblin hits you.
* * * LOW HITPOINT WARNING * * *
The goblin barely misses you. The goblin misses you.
The goblin closely misses you. The goblin hits you with a +0 club.
* * * LOW HITPOINT WARNING * * *
The goblin hits you but does no damage.
Robin hits you from afar with a +0 spear.
* * * LOW HITPOINT WARNING * * *
You hit the goblin.
You kill the goblin!
Trog accepts your kill. The goblin hits you but does no damage.
The hobgoblin closely misses you. The goblin hits you with a +0 club.
You die...

### #<# #.####
#....# #.##.#
#######)##.###.
......g@gb.....
......ggg......
###..g.gS...##.
#.........#
...........#
#.#!........#
#.#.........#
#......)..#


You could see Robin, a hobgoblin (strong), 5 goblins, a bat and a ball python.

Vanquished Creatures
  4 ball pythons (D:1)
  4 bats
  An endoplasm (D:1)
  A giant cockroach (D:1)
  6 goblins
  3 hobgoblins
  A kobold (D:1)
  A quokka (D:1)
  2 rats (D:1)
23 creatures vanquished.

Notes
Turn   | Place    | Note
-------+----------+-------------------------------------------
     0 | D:1      | n00bmints the Mountain Dwarf Berserker began the quest for
                  | the Orb.
     0 | D:1      | Reached XP level 1. HP: 19/19 MP: 1/1
    60 | D:1      | Found Kigg's Weapon Boutique.
   168 | D:1      | Reached XP level 2. HP: 26/26 MP: 2/2
   170 | D:1      | Reached skill level 4 in Maces & Flails
   187 | D:1      | Found Qudadwou's Assorted Antiques.
   679 | D:1      | Reached XP level 3. HP: 27/33 MP: 3/3
   966 | D:2      | Noticed Robin
   981 | D:2      | Slain by a goblin

Illustrated notes

Levels and vault maps discovered:
D:1:      evilmike_arrival_hilbert_curve, layout_loops_ring, serial_shops,
          nicolae_shop_tiny_waterfront, shop_fountains, serial_bayou,
          serial_bayou_pond_c, serial_bayou_shore_a, serial_bayou_pond_d,
          serial_bayou_ford_a
D:2:      layout_basic, uniq_robin

Skill      XL: |  1  2 |
---------------+-------+-----
Maces & Flails | 4 |  4.5
Fighting       | |  3.9
Armour         | |  2.5
Dodging        | |  1.6

Action                     || total
---------------------------++-------
  Melee: Mace              ||    87
 Invoke: Berserk           ||     1
 Armour: Animal skin       ||    12
         Ring mail         ||    81
  Dodge: Dodged            ||    83

Table legend: (Time is in decaauts)
 A = Elapsed time spent in this place.
 B = Non-inter-level travel time spent in this place.
 C = Inter-level travel time spent in this place.
 D = Time resting spent in this place.
 E = Time spent auto-exploring this place.
 F = Levels seen in this place.
 G = Mean time per level.
                   A        B        C        D        E       F      G
               +--------+--------+--------+--------+--------+-----+--------+
         Total |   1024 |    913 |    111 |      0 |    720 |   2 |  512.0 |
       Dungeon |   1024 |    913 |    111 |      0 |    720 |   2 |  512.0 |
               +--------+--------+--------+--------+--------+-----+--------+

Top non-repeatable levels by time:
     D:1: 1006 daAuts
     D:2: 17 daAuts
